 Dungeon Crawl Stone Soup version 0.31-a0-819-gf6de2f5ab6 (webtiles) character file.

Game seed: 15702360997579956583

56 qw the Shooter (level 3, -3/22 HPs)
             Began as a Gargoyle Hunter on Sept 23, 2023.
             Slain by a goblin
             ... wielding a +0 dagger
             ... led by Robin
              (5 damage)
             ... on level 2 of the Dungeon.
             The game lasted 00:00:23 (631 turns).

qw the Shooter (Gargoyle Hunter)                     Turns: 631, Time: 00:00:23

Health: -3/22      AC:  8    Str: 14    XL:     3   Next: 95%
Magic:  3/3        EV: 11    Int:  9    God:
Gold:   58         SH:  0    Dex: 15    Spells: 2/2 levels left

rFire   . . .        Y - +1 shortbow
rCold   . . .        (shield currently unavailable)
rNeg    + . .        d - +0 ring mail
rPois   inf          (no helmet)
rElec   +            (no cloak)
rCorr   .            (no gloves)
SInv    .            (no boots)
Will    .....        (no amulet)
Stlth   +            (no ring)
HPRegen 0.23/turn    (no ring)
MPRegen 0.08/turn

%: no passive effects
@: no status effects
A: sickness immunity, AC +3, negative energy resistance 1, electricity
resistance, torment resistance 1, petrification resistance
a: no special abilities


You were on level 2 of the Dungeon.
You visited 1 branch of the dungeon, and saw 2 of its levels.

You collected 58 gold pieces.


Innate Abilities, Weirdness & Mutations

You are immune to sickness and miasma.
Your stone body is resilient. (AC +3)
You are immune to poison.
You resist negative energy. (rN+)
You are resistant to electric shocks. (rElec)
You are resistant to unholy torment.
You are immune to petrification.


   Skills:
 + Level 2.7 Fighting
 - Level 5.0 Ranged Weapons
 - Level 1.3 Armour
 - Level 1.5 Dodging
 - Level 1.1 Stealth


You had 2 spell levels left.
You didn't know any spells.
Your spell library was empty.

Inventory:

Hand Weapons
 Y - a +1 shortbow (weapon)
Armour
 d - a +0 ring mail (worn)
Potions
 a - a potion of degeneration {unknown}
 b - a potion of haste {unknown}
 e - a potion of curing
 h - a potion of lignification {unknown}
 k - a potion of heal wounds {unknown}

Dungeon Overview and Level Annotations

Branches:
Dungeon (2/15)

Altars:

Annotations:
D:2 Robin


Message History

You kill the hobgoblin!
The goblin closely misses you.
The goblin hits you but does no damage. x2
The goblin closely misses you.
You shoot an arrow. The arrow hits the hobgoblin.
You kill the hobgoblin!
The goblin no longer looks unusually strong. x2
The goblin hits you but does no damage. The goblin barely misses you.
Robin hits you but does no damage. The goblin closely misses you.
The goblin hits you but does no damage.
You shoot an arrow. The arrow hits the goblin.
You kill the goblin!
The goblin no longer looks unusually strong. x2
Robin hits you but does no damage. The goblin hits you but does no damage.
The goblin unwields a +0 club.
The goblin wields a +1 heavy sling.
The goblin shoots a sling bullet.
The sling bullet hits you but does no damage.
The goblin closely misses you. x2; The goblin hits you with a +0 dagger.
The goblin closely misses you. Robin throws the goblin at you!
You shoot an arrow. The arrow hits the goblin.
The goblin is moderately wounded.
The goblin barely misses you. Robin throws the goblin at you!
The goblin barely misses you.
You shoot an arrow. The arrow barely misses the goblin.
The goblin completely misses you. The goblin barely misses you.
Robin barely misses you. The goblin hits you but does no damage.
You shoot an arrow. The arrow hits the goblin.
You kill the goblin!
The goblin shoots a sling bullet.
The sling bullet closely misses you. The goblin closely misses you.
The goblin hits you but does no damage.
Robin hits you from afar with a +0 spear.
Robin roars a battlecry!
The goblins go into a battle-frenzy!
The goblin hits you but does no damage. The goblin closely misses you.
You shoot an arrow. The arrow hits the goblin!
You kill the goblin!
The goblin shoots a sling bullet.
The sling bullet closely misses you. Robin misses you.
The goblin hits you but does no damage.
You shoot an arrow. The arrow closely misses the goblin.
The goblin hits you with a +0 dagger.
You die...

#. ###$# #...# #.#.##
#.#.> ##.. #...#
#.#.#... #...#
#####.#)g## #...#
#....g@)..# #...#
#.###)#g#..#
##...######.##..#...
...
............##.####.#
.
.)................#..[
............##.##.#
#.. ##...######.##.# #
... #...# #.##.# ##
##...## #.##.#


You could see Robin and 2 goblins.

Vanquished Creatures
  2 adders (D:2)
  A dart slug (D:1)
  A bat (D:2)
  2 endoplasms (D:1)
  A giant cockroach (D:1)
  7 goblins (D:2)
  4 hobgoblins (D:2)
  2 quokkas (D:1)
  2 ball pythons (D:1)
  4 frilled lizards (D:1)
  6 kobolds
  2 rats
34 creatures vanquished.

Notes
Turn   | Place    | Note
-------+----------+-------------------------------------------
     0 | D:1      | qw the Gargoyle Hunter began the quest for the Orb.
     0 | D:1      | Reached XP level 1. HP: 12/12 MP: 1/1
     0 | D:1      | 0 ||| qw: Version: 0.3-a-83-gcd0e7d8
     0 | D:1      | 0 ||| qw: Game counter: 1572
     0 | D:1      | 0 ||| qw: Melee chars always use a shield: true
     0 | D:1      | 0 ||| qw: God list: Okawaru
     0 | D:1      | 0 ||| qw: Allow faded altars: false
     0 | D:1      | 0 ||| qw: Do Orc after clearing Dungeon:15 true
     0 | D:1      | 0 ||| qw: Do second Lair branch before Depths: true
     0 | D:1      | 0 ||| qw: Lair rune preference: random
     0 | D:1      | 0 ||| qw: Goals: Normal
     0 | D:1      | 0 ||| PLANNING D:1-11
   137 | D:1      | Reached XP level 2. HP: 17/17 MP: 2/2
   223 | D:1      | Found a faded altar of an unknown god.
   502 | D:1      | 502 ||| UPGRADING to +0 ring mail.
   512 | D:1      | 512 ||| DROPPING +0 leather armour.
   513 | D:1      | 513 ||| DROPPING ring of wizardry.
   514 | D:1      | 514 ||| READING scroll labelled ANWOIHY BALOI.
   515 | D:1      | 515 ||| READING scroll labelled YXKUM NELYEPN.
   516 | D:1      | 516 ||| READING scroll labelled PATEIT YRHYELO.
   517 | D:1      | 517 ||| DRINKING 2 dark potions.
   518 | D:1      | 518 ||| DROPPING scroll of butterflies.
   543 | D:2      | 543 ||| STAIRDANCE
   558 | D:2      | Reached skill level 1 in Armour
   558 | D:2      | Reached XP level 3. HP: 21/21 MP: 3/3
   605 | D:2      | Reached skill level 5 in Ranged Weapons
   611 | D:2      | Noticed Robin
   623 | D:2      | HP: 4/22 [goblin/+0 dagger[Robin] (3)]
   629 | D:2      | HP: 1/22 [Robin/+0 spear (3)]
   631 | D:2      | Slain by a goblin

Levels and vault maps discovered:
D:1:      psy_arrival_fountain, layout_basic, ebering_ecumenical_altar_box
D:2:      layout_loops_cross, uniq_robin, uniq_crazy_yiuf_cottage

Skill      XL: |  1  2  3 |
---------------+----------+-----
Armour         | 1 |  1.3
Ranged Weapons | 5 |  5.0
Fighting       | |  2.7
Dodging        | |  1.5
Stealth        | |  1.1

Action                     || total
---------------------------++-------
   Fire: Shortbow          ||    94
    Use: Scroll            ||     3
         Potion            ||     1
 Armour: Leather armour    ||     4
         Ring mail         ||    47
  Dodge: Dodged            ||    51

Table legend:
 A = Non-vault XP
 B = Vault XP
 C = Vault XP percentage of total XP
 D = Non-vault monster count
 E = Vault monster count
 F = Vault count percentage of total count
                 A         B        C        D         E       F
            +---------+---------+-------+---------+---------+-------
      Total |      60 |      20 |  25.0 |      24 |      10 |  29.4
            +---------+---------+-------+---------+---------+-------
        D:1 |      28 |       0 |   0.0 |      18 |       0 |   0.0
        D:2 |      32 |      20 |  38.5 |       6 |      10 |  62.5
            +---------+---------+-------+---------+---------+-------
